 Dungeon Crawl Stone Soup version 0.24.0-123-gd5b16e6ec5 (webtiles) character file.

Game seed: 6349209152349990619, levelgen mode: deterministic

342 FishyPogo the Charmwright (level 6, -3/51 HPs)
             Began as a Gnoll Skald on Jan 30, 2020.
             Was an Initiate of Makhleb.
             Slain by a centaur (4 damage)
             ... on level 5 of the Dungeon.
             The game lasted 00:07:13 (2945 turns).

FishyPogo the Charmwright (Gnoll Skald)             Turns: 2945, Time: 00:07:13

Health: -3/51      AC:  3    Str: 15    XL:     6   Next: 57%
Magic:  14/14      EV: 14    Int: 16    God:    Makhleb [......]
Gold:   275        SH:  0    Dex: 14    Spells: 4/15 levels left

rFire    . . .     SeeInvis .   b - +2 war axe (freeze)
rCold    . . .     Gourm    .   (no shield)
rNeg     . . .     Faith    .   p - +0 leather armour
rPois    .         Spirit   .   (no helmet)
rElec    .         Reflect  .   (no cloak)
rCorr    .         Harm     .   (no gloves)
MR       .....                  (no boots)
Stlth    ++........             (no amulet)
HPRegen  0.17/turn              (no ring)
MPRegen  0.14/turn              (no ring)

@: starving
A: distributed training, fangs 1, strong nose
a: Renounce Religion


You were on level 5 of the Dungeon.
You worshipped Makhleb.
Makhleb was noncommittal.
You were starving.

You visited 2 branches of the dungeon, and saw 6 of its levels.

You collected 275 gold pieces.

Inventory:

Hand Weapons
 a - a +0 dagger of venom
 b - a +2 war axe of freezing (weapon)
Missiles
 g - 21 poisoned darts
 h - 86 stones (quivered)
 n - 8 atropa-tipped darts
 r - 7 curare-tipped darts
 s - 4 boomerangs
Armour
 c - a cursed -1 ring mail
 p - a +0 leather armour (worn)
Jewellery
 l - a +3 amulet of reflection {unknown}
Scrolls
 i - 6 scrolls of teleportation {unknown}
 j - a scroll of enchant weapon {unknown}
 k - 3 scrolls of remove curse {unknown}
 m - a scroll of blinking {unknown}
 o - 2 scrolls of identify {unknown}
 t - a scroll of noise {unknown}
Potions
 e - a potion of heal wounds {unknown}
 f - 3 potions of curing {unknown}
 q - a potion of mutation {unknown}
 u - a potion of might {unknown}
Comestibles
 d - 7 rations


   Skills:
 + Level 5.0 Fighting
 + Level 5.0 Short Blades
 + Level 2.0 Long Blades
 + Level 2.0 Axes
 + Level 2.0 Maces & Flails
 + Level 2.0 Polearms
 + Level 2.0 Staves
 + Level 2.0 Slings
 + Level 2.0 Bows
 + Level 2.0 Crossbows
 + Level 2.0 Throwing
 + Level 3.2 Armour
 + Level 5.0 Dodging
 + Level 2.0 Stealth
 + Level 2.0 Shields
 + Level 2.0 Unarmed Combat
 + Level 5.4 Spellcasting
 + Level 1.5 Conjurations
 + Level 1.5 Hexes
 + Level 5.6 Charms
 + Level 1.5 Summonings
 + Level 1.5 Necromancy
 + Level 1.5 Translocations
 + Level 1.5 Transmutations
 + Level 1.5 Fire Magic
 + Level 1.5 Ice Magic
 + Level 1.5 Air Magic
 + Level 1.5 Earth Magic
 + Level 1.5 Poison Magic
 + Level 2.2 Invocations
 + Level 2.0 Evocations


You had 4 spell levels left.
You knew the following spells:

 Your Spells              Type           Power        Failure   Level  Hunger
h - Regeneration          Chrm/Necr      ###.......   12%         3    ###....
n - Spectral Weapon       Hex/Chrm       ###.....     12%         3    ###....
p - Shroud of Golubria    Chrm/Tloc      ###...       6%          2    #......
u - Song of Slaying       Chrm           ###.....     2%          2    #......
y - Infusion              Chrm           ###.         1%          1    None

Your spell library contained the following spells:

 Spells                   Type           Power        Failure   Level  Hunger


Dungeon Overview and Level Annotations

Branches:
Dungeon (5/15)             Temple (1/1) D:4

Altars:
Ashenzari
Dithmenos
Elyvilon
Fedhas
Makhleb
Nemelex Xobeh
Okawaru
Qazlal
Sif Muna
Trog
Uskayaw
Yredelemnul
Zin
The Shining One


Innate Abilities, Weirdness & Mutations

Your experience applies equally to all skills.
You have very sharp teeth.
Your uncanny sense of smell can sniff out nearby items.


Message History

The centaur is moderately wounded.
The centaur misses you. The centaur hits you!
* * * LOW HITPOINT WARNING * * *
The centaur hits you.
* * * LOW HITPOINT WARNING * * *
You hit the centaur but do no damage.
The centaur is moderately wounded.
The centaur hits you.
* * * LOW HITPOINT WARNING * * *
The centaur barely misses you.
You barely miss the centaur.
The centaur is moderately wounded.
The centaur hits you.
* * * LOW HITPOINT WARNING * * *
The centaur barely misses you.
You hit the centaur. You freeze the centaur.
You bite the centaur, but do no damage.
The centaur is heavily wounded.
The centaur closely misses you. The centaur hits you.
You die...

###### .....####
......... #......?.
#........
#.##########........
......c@...#.....$..
#.########..........
#.######...#######
#................
#.####<#.########
#.#... #.##### #..
...


You could see a centaur.

Vanquished Creatures
  A phantom (D:4)
  A howler monkey (D:4)
  An orc wizard (D:3)
  A worker ant (D:4)
  Natasha (D:2)
  An iguana (D:4)
  4 adders
  2 oozes
  An adder skeleton (D:4)
  A worm (D:3)
  A dart slug (D:2)
  5 orcs
  4 giant cockroaches
  11 goblins
  2 hobgoblins (D:2)
  A quokka (D:4)
  A ball python (D:3)
  7 bats
  3 frilled lizards
  9 kobolds
  7 rats
65 creatures vanquished.

Notes
Turn   | Place    | Note
-------+----------+-------------------------------------------
     0 | D:1      | FishyPogo the Gnoll Skald began the quest for the Orb.
     0 | D:1      | Reached XP level 1. HP: 20/20 MP: 6/6
   293 | D:1      | Reached XP level 2. HP: 25/26 MP: 7/7
   302 | D:1      | Learned a level 2 spell: Song of Slaying
   305 | D:1      | Learned a level 2 spell: Shroud of Golubria
   926 | D:2      | Reached XP level 3. HP: 31/31 MP: 7/9
   932 | D:2      | Learned a level 3 spell: Regeneration
   936 | D:2      | Learned a level 3 spell: Spectral Weapon
   985 | D:2      | Reached skill level 5 in Spellcasting
  1146 | D:2      | Noticed Natasha
  1215 | D:2      | Killed Natasha
  1215 | D:2      | Reached skill level 1 in Long Blades
  1215 | D:2      | Reached skill level 1 in Axes
  1215 | D:2      | Reached skill level 1 in Maces & Flails
  1215 | D:2      | Reached skill level 1 in Polearms
  1215 | D:2      | Reached skill level 1 in Staves
  1215 | D:2      | Reached skill level 1 in Slings
  1215 | D:2      | Reached skill level 1 in Bows
  1215 | D:2      | Reached skill level 1 in Crossbows
  1215 | D:2      | Reached skill level 1 in Throwing
  1215 | D:2      | Reached skill level 1 in Stealth
  1215 | D:2      | Reached skill level 1 in Shields
  1215 | D:2      | Reached skill level 1 in Unarmed Combat
  1215 | D:2      | Reached skill level 1 in Invocations
  1215 | D:2      | Reached skill level 1 in Evocations
  1215 | D:2      | Reached XP level 4. HP: 38/38 MP: 11/11
  1478 | D:3      | Reached skill level 1 in Conjurations
  1478 | D:3      | Reached skill level 1 in Hexes
  1478 | D:3      | Reached skill level 1 in Summonings
  1478 | D:3      | Reached skill level 1 in Necromancy
  1478 | D:3      | Reached skill level 1 in Translocations
  1478 | D:3      | Reached skill level 1 in Transmutations
  1478 | D:3      | Reached skill level 1 in Fire Magic
  1478 | D:3      | Reached skill level 1 in Ice Magic
  1478 | D:3      | Reached skill level 1 in Air Magic
  1478 | D:3      | Reached skill level 1 in Earth Magic
  1478 | D:3      | Reached skill level 1 in Poison Magic
  1480 | D:3      | Reached XP level 5. HP: 38/43 MP: 12/12
  1927 | D:4      | Found a staircase to the Ecumenical Temple.
  1949 | Temple   | Entered the Ecumenical Temple
  2019 | Temple   | Became a worshipper of Makhleb the Destroyer
  2253 | D:4      | Noticed a phantom
  2281 | D:4      | Killed a phantom
  2281 | D:4      | Reached XP level 6. HP: 17/50 MP: 6/13
  2695 | D:4      | Reached skill level 5 in Fighting
  2695 | D:4      | Reached skill level 5 in Short Blades
  2695 | D:4      | Reached skill level 5 in Dodging
  2926 | D:5      | Entered Level 5 of the Dungeon
  2944 | D:5      | HP: 1/51 [centaur (3)]
  2945 | D:5      | Slain by a centaur

Levels and vault maps discovered:
D:1:      nicolae_arrival_somewhat_less_tricky_arrival, layout_basic
D:2:      layout_basic, chequers_temple_overflow_minitemple,
          kennysheep_generic_room_10, uniq_natasha
D:3:      layout_basic, hangedman_decor_clover_reticule
D:4:      layout_loops_corners, minmay_temple_entry_waves, first_ration
D:5:      layout_basic, cheibriados_altar_1
Temple:   eino_temple_water

Skill      XL: |  1  2  3  4  5  6 |
---------------+-------------------+-----
Spellcasting   | 5 |  5.4
Long Blades    | 1 2 |  2.0
Axes           | 1 2 |  2.0
Maces & Flails | 1 2 |  2.0
Polearms       | 1 2 |  2.0
Staves         | 1 2 |  2.0
Slings         | 1 2 |  2.0
Bows           | 1 2 |  2.0
Crossbows      | 1 2 |  2.0
Throwing       | 1 2 |  2.0
Stealth        | 1 2 |  2.0
Shields        | 1 2 |  2.0
Unarmed Combat | 1 2 |  2.0
Invocations    | 1 2 |  2.2
Evocations     | 1 2 |  2.0
Conjurations   | 1 |  1.5
Hexes          | 1 |  1.5
Summonings     | 1 |  1.5
Necromancy     | 1 |  1.5
Translocations | 1 |  1.5
Transmutations | 1 |  1.5
Fire Magic     | 1 |  1.5
Ice Magic      | 1 |  1.5
Air Magic      | 1 |  1.5
Earth Magic    | 1 |  1.5
Poison Magic   | 1 |  1.5
Armour         | 3 |  3.2
Fighting       | 5 |  5.0
Short Blades   | 5 |  5.0
Dodging        | 5 |  5.0
Charms         | |  5.6

Action                   |  1- 3 |  4- 6 || total
-------------------------+-------+-------++-------
Melee: Short sword       |   146 |       ||   146
       Bite              |    18 |    18 ||    36
       War axe           |     1 |    36 ||    37
       Dagger            |       |   125 ||   125
       Punch             |       |     1 ||     1
Throw: Stone             |       |     2 ||     2
 Cast: Shroud of Golubri |     4 |     5 ||     9
       Spectral Weapon   |       |     2 ||     2
       Regeneration      |       |     1 ||     1
 Stab: Sleeping          |     1 |     1 ||     2
  Eat: Chunk             |     1 |     4 ||     5
Armor: Leather armour    |    42 |    19 ||    61
Dodge: Dodged            |   149 |    99 ||   248
